 Dungeon Crawl Stone Soup version 0.27.1-33-g824d729ab1 (webtiles) character file.

Game seed: 13316013150536998539

52 ces the Shield-Bearer (level 3, -1/52 HPs)
             Began as a Gnoll Fighter on Dec 1, 2021.
             Slain by Menkaure (8 damage)
             ... on level 5 of the Dungeon.
             The game lasted 00:02:09 (1617 turns).

ces the Shield-Bearer (Gnoll Fighter)               Turns: 1617, Time: 00:02:10

Health: -1/52      AC: 21    Str: 16    XL:     3   Next: 85%
Magic:  4/4        EV:  2    Int:  7    God:
Gold:   68         SH: 10    Dex: 11    Spells: 4/4 levels left

rFire    . . .     SeeInvis .   a - +0 war axe
rCold    . . .     Faith    .   c - +0 kite shield
rNeg     + + +     Spirit   .   (armour currently unavailable)
rPois    +         Reflect  .   (helmet currently unavailable)
rElec    .         Harm     .   (cloak currently unavailable)
rCorr    .         Rampage  .   (gloves currently unavailable)
Will     .....     NoTele   +   (boots currently unavailable)
Stlth    +.........             (no amulet)
HPRegen  0.17/turn              (no ring)
MPRegen  0.09/turn              (no ring)

@: mighty, tree-form
A: stationary, stasis, torment immunity, boosted hp, (fangs 1), strong nose,
distributed training
a: no special abilities


You were on level 5 of the Dungeon.
You were a tree.
You visited 1 branch of the dungeon, and saw 4 of its levels.

You collected 68 gold pieces.

Inventory:

Hand Weapons
 a - a +0 war axe (weapon)
Armour
 b - a +0 scale mail (melded)
 c - a +0 kite shield (worn)
Jewellery
 k - a ring of see invisible
Wands
 l - a wand of acid (8)
Scrolls
 f - a scroll of identify {unknown}
 g - a scroll of torment {unknown}
 h - a scroll of brand weapon {unknown}
 j - a scroll of enchant armour {unknown}
Potions
 e - a potion of lignification


   Skills:
 + Level 6.5 Fighting
 + Level 1.0 Short Blades
 + Level 1.0 Long Blades
 + Level 4.6 Axes
 + Level 1.0 Maces & Flails
 + Level 1.0 Polearms
 + Level 1.0 Staves
 + Level 1.0 Slings
 + Level 1.0 Bows
 + Level 1.0 Crossbows
 + Level 1.0 Throwing
 + Level 6.5 Armour
 + Level 1.0 Dodging
 + Level 1.0 Stealth
 + Level 6.5 Shields
 + Level 1.0 Unarmed Combat
 + Level 1.0 Spellcasting
 + Level 0.7 Conjurations
 + Level 0.7 Hexes
 + Level 0.7 Summonings
 + Level 0.7 Necromancy
 + Level 0.7 Translocations
 + Level 0.7 Transmutations
 + Level 0.7 Fire Magic
 + Level 0.7 Ice Magic
 + Level 0.7 Air Magic
 + Level 0.7 Earth Magic
 + Level 0.7 Poison Magic
 + Level 1.0 Invocations
 + Level 1.0 Evocations


You had 4 spell levels left.
You didn't know any spells.
Your spell library was empty.

Dungeon Overview and Level Annotations

Branches:
Dungeon (3/15)

Altars:
Nemelex Xobeh

Shops:
D:1 [

Annotations:
D:3 1 transporter, zeram's ghost, amateur DsBr
D:5 Menkaure


Innate Abilities, Weirdness & Mutations

You are a tree.
Your roots penetrate the ground, keeping you stationary.
You cannot be teleported.
You are immune to unholy pain and torment.
Your maximum health is greatly increased.
Your equipment is partially melded.
((You have very sharp teeth.))
Your uncanny sense of smell can sniff out nearby items.
Your experience applies equally to all skills.


Message History

You barely miss the orc. Your bite misses the orc. The orc barely misses you.
The orc hits you but does no damage.
You slash the orc!
You kill the orc!
No target in view!
Sorry, I don't know how to get there.
Found a scroll of magic mapping.
e - 2 lumpy black potions
Items here: ))) ††.
Found a transporter.
Found 6 gold pieces.
You fall into a shaft and drop 2 floors!
The shaft crumbles and collapses.
Menkaure, Prince of Dust comes into view.
You barely miss Menkaure. You bite Menkaure.
Menkaure is lightly damaged.
Menkaure hits you!
You are too injured to fight recklessly!
You are too injured to fight recklessly!
You are too injured to fight recklessly!
Unknown command.
You are too injured to fight recklessly!
You are too injured to fight recklessly!
It was a potion of lignification.
You turn into a tree.
Your +0 scale mail melds into your body.
Your roots penetrate the ground.
Menkaure casts a spell.
Menkaure seems to speed up.
It was a potion of flight.
Your roots keep you in place.
Menkaure hits you.
You feel very mighty all of a sudden. Menkaure hits you!
* * * LOW HITPOINT WARNING * * *
Menkaure hits you but does no damage.
You barely miss Menkaure.
Menkaure is lightly damaged.
Menkaure hits you but does no damage.
You slash Menkaure!
Menkaure is severely damaged.
Menkaure hits you!
You die...

.. ..#####
.......###
.........#
.........#
.........#
.........#
###....♣.#
∆ #...M..#
#......#
########


You could see Menkaure (fast).

Vanquished Creatures
  A worm (D:2)
  3 orcs (D:3)
  6 ball pythons
  3 endoplasms (D:1)
  3 giant cockroaches
  5 goblins
  4 hobgoblins
  4 jackals (D:2)
  A kobold (D:2)
  A quokka (D:1)
  2 bats
  4 frilled lizards
  5 rats (D:1)
42 creatures vanquished.

Notes
Turn   | Place    | Note
-------+----------+-------------------------------------------
     0 | D:1      | ces the Gnoll Fighter began the quest for the Orb.
     0 | D:1      | Reached XP level 1. HP: 23/23 MP: 1/1
     6 | D:1      | Noticed a swamp drake
     6 | D:1      | Noticed a redback
     6 | D:1      | Noticed a komodo dragon
     6 | D:1      | Noticed a black bear
   146 | D:1      | Reached XP level 2. HP: 24/29 MP: 2/2
   197 | D:1      | Found a faded altar of an unknown god.
   585 | D:1      | Reached XP level 3. HP: 34/35 MP: 3/3
   754 | D:1      | Found Buenodiz's Antique Armour Shop.
   934 | D:2      | Reached skill level 1 in Invocations
  1431 | D:2      | Found a sparkling altar of Nemelex Xobeh.
  1599 | D:3      | Reached skill level 1 in Short Blades
  1599 | D:3      | Reached skill level 1 in Long Blades
  1599 | D:3      | Reached skill level 1 in Maces & Flails
  1599 | D:3      | Reached skill level 1 in Polearms
  1599 | D:3      | Reached skill level 1 in Staves
  1599 | D:3      | Reached skill level 1 in Slings
  1599 | D:3      | Reached skill level 1 in Bows
  1599 | D:3      | Reached skill level 1 in Crossbows
  1599 | D:3      | Reached skill level 1 in Throwing
  1599 | D:3      | Reached skill level 1 in Dodging
  1599 | D:3      | Reached skill level 1 in Stealth
  1599 | D:3      | Reached skill level 1 in Unarmed Combat
  1599 | D:3      | Reached skill level 1 in Spellcasting
  1599 | D:3      | Reached skill level 1 in Evocations
  1606 | D:3      | Found a transporter.
  1606 | D:3      | Noticed zeram's ghost (amateur DsBr)
  1610 | D:3      | You fall into a shaft and drop 2 floors!
  1610 | D:5      | Entered Level 5 of the Dungeon
  1610 | D:5      | Noticed Menkaure
  1617 | D:5      | Slain by Menkaure

Illustrated notes

Levels and vault maps discovered:
D:1:      onia_arrival_zoo_common, layout_loops_cross,
          chequers_ecumenical_altar_simple, serial_shops, nicolae_shop_stone,
          chequers_serial_rivers_micro_a
D:2:      layout_loops_cross, basic_altar
D:3:      layout_basic, gammafunk_ghost_mausoleum, gup_sewer_entry_bubbles,
          mrwooster_statue_mirror
D:5:      layout_basic, lemuel_round_altar, kennysheep_generic_room_12,
          uniq_menkaure, uniq_ijyb

Skill      XL: |  1  2  3 |
---------------+----------+-----
Invocations    | 1 |  1.0
Short Blades   | 1 |  1.0
Long Blades    | 1 |  1.0
Maces & Flails | 1 |  1.0
Polearms       | 1 |  1.0
Staves         | 1 |  1.0
Slings         | 1 |  1.0
Bows           | 1 |  1.0
Crossbows      | 1 |  1.0
Throwing       | 1 |  1.0
Dodging        | 1 |  1.0
Stealth        | 1 |  1.0
Unarmed Combat | 1 |  1.0
Spellcasting   | 1 |  1.0
Evocations     | 1 |  1.0
Fighting       | |  6.5
Axes           | |  4.6
Armour         | |  6.5
Shields        | |  6.5
Conjurations   | |  0.7
Hexes          | |  0.7
Summonings     | |  0.7
Necromancy     | |  0.7
Translocations | |  0.7
Transmutations | |  0.7
Fire Magic     | |  0.7
Ice Magic      | |  0.7
Air Magic      | |  0.7
Earth Magic    | |  0.7
Poison Magic   | |  0.7

Action                   || total
-------------------------++-------
Melee: War axe           ||   111
       Bite              ||    11
  Use: Potion            ||     3
       Scroll            ||     1
Armor: Scale mail        ||    44
       Skin              ||     2
Dodge: Dodged            ||    27
Block: Kite shield       ||    65
